Tampa Bay Lightning vs Colorado Rockies
(R2)
Created - Saturday, June 17, 2023 at 05:52
Goals
|
| Tampa Bay Lightning |
1 |
0 |
0 |
0 |
1 |
1 |
| Colorado Rockies |
0 |
0 |
1 |
0 |
2 |
2 |
|
Shots
|
| Tampa Bay Lightning |
12 |
13 |
7 |
0 |
3 |
32 |
| Colorado Rockies |
9 |
9 |
10 |
0 |
3 |
28 |
|
1st period
1. Tampa Bay Lightning , Johnny Gaudreau 35 (Tomas Hertl 39, Connor Brown 18) at 13:49
Penalties :
Darnell Nurse (TBL) for Tripping (Minor) at 0:17, Victor Hedman (COL) for Hooking (Minor) at 6:14
2nd period
No Goal
Penalties :
Gabriel Landeskog (TBL) for High sticking (Minor) at 4:09, Lars Eller (TBL) for High sticking (Minor) at 6:24
3rd period
2. Colorado Rockies , Ryan O'Reilly 21 (David Pastrnak 35, Nick Schmaltz 32) at 4:56
Penalties :
Nick Schmaltz (COL) for Holding Stick (Minor) at 1:42, Evgeny Kuznetsov (COL) for Unsportsmanlike conduct (Minor) at 5:57, Tim Stutzle (COL) for Hooking (Minor) at 11:07, Vladislav Gavrikov (TBL) for Interference (Minor) at 16:04
Overtime #1
No Goal
Penalties :
No Penalty
Shootout
Tampa Bay Lightning, Christian Dvorak - Stopped by Andrei Vasilevskiy
Colorado Rockies, Kevin Hayes - Goal!
Tampa Bay Lightning, Anze Kopitar - Goal!
Colorado Rockies, Jesper Bratt - Shot Misses the Net
Tampa Bay Lightning, Kirill Kaprizov - Stopped by Andrei Vasilevskiy
Colorado Rockies, Evgeny Kuznetsov - Goal!
Penalties :
No Penalty
Goalie Stats
Darcy Kuemper (TBL), 27 saves from 28 shots - (0.964), OTL, 22-19-5, 65:00 minutes
Andrei Vasilevskiy (COL), 31 saves from 32 shots - (0.969), W, 37-14-4, 65:00 minutes
Players Stats for Tampa Bay Lightning
Player Name G A P +/- PIM S H SB GA TA FO MP PP MP PK MP
------------------------------------------------------------------------------------
Alexander Kerfoot 0 0 0 0 0 1 1 0 0 0 0/0 6:23 0:00 0:04
Alexander Romanov 0 0 0 0 0 1 0 1 0 0 0/0 16:24 0:00 2:57
Anze Kopitar 0 0 0 0 0 1 0 1 3 0 13/22 22:21 3:49 2:32
Christian Dvorak 0 0 0 -1 0 5 0 0 1 0 2/4 15:08 0:00 2:58
Connor Brown 0 1 1 1 0 2 1 0 0 0 0/2 16:17 0:00 2:54
Darnell Nurse 0 0 0 -1 2 1 2 4 1 0 0/0 27:08 4:49 2:56
Dylan Cozens 0 0 0 -1 0 3 2 0 1 0 2/2 14:56 0:05 1:27
Gabriel Landeskog 0 0 0 0 2 4 2 1 0 0 1/1 20:02 3:49 0:00
Hampus Lindholm 0 0 0 0 0 0 1 1 0 0 0/0 17:57 3:07 0:19
Ivan Barbashev 0 0 0 0 0 1 1 0 0 0 0/0 6:01 0:03 0:00
Johnny Gaudreau 1 0 1 1 0 3 0 0 0 0 0/1 16:14 4:04 0:00
Kirill Kaprizov 0 0 0 0 0 3 1 1 3 0 1/2 20:46 4:04 0:59
Lars Eller 0 0 0 0 2 3 0 0 1 0 1/3 7:10 0:00 0:59
Moritz Seider 0 0 0 1 0 1 0 0 0 2 0/0 23:05 4:49 3:10
Roope Hintz 0 0 0 -1 0 1 1 0 0 0 6/10 15:30 3:49 0:00
Ryan Graves 0 0 0 1 0 1 3 3 0 0 0/0 23:17 3:07 3:49
Tomas Hertl 0 1 1 1 0 1 3 4 0 0 6/21 21:09 4:05 3:59
Vladislav Gavrikov 0 0 0 -1 2 0 0 1 0 1 0/0 22:12 0:00 2:41
Players Stats for Colorado Rockies
Player Name G A P +/- PIM S H SB GA TA FO MP PP MP PK MP
------------------------------------------------------------------------------------
David Pastrnak 0 1 1 1 0 6 3 0 0 0 0/2 16:36 3:53 0:00
Dylan Strome 0 0 0 0 0 2 0 0 0 0 7/11 12:46 0:54 0:00
Evgeny Kuznetsov 0 0 0 -1 2 1 5 1 0 0 10/20 19:37 2:41 0:00
Jakub Vrana 0 0 0 0 0 1 0 0 0 0 0/0 5:43 0:00 0:00
Jesper Bratt 0 0 0 0 0 0 0 0 0 0 0/1 15:11 1:24 0:35
Kevin Hayes 0 0 0 0 0 0 0 0 0 0 0/0 9:54 0:00 4:11
Kyle Connor 0 0 0 -1 0 1 3 0 1 0 0/0 20:38 2:50 2:28
Martin Fehervary 0 0 0 1 0 2 1 0 0 2 0/0 15:10 0:29 2:49
Nick Bonino 0 0 0 0 0 0 0 0 0 1 9/12 10:22 0:22 4:11
Nick Schmaltz 0 1 1 1 2 2 2 0 0 0 0/0 17:14 3:42 0:57
Nikita Kucherov 0 0 0 -1 0 1 1 0 0 1 0/4 19:40 2:50 0:00
Quinn Hughes 0 0 0 -1 0 2 0 3 0 0 0/0 18:55 1:48 1:02
Roman Josi 0 0 0 -1 0 2 0 0 1 4 0/0 29:56 3:33 5:07
Ryan O'Reilly 1 0 1 1 0 2 4 0 1 1 10/18 19:16 3:53 2:28
Shea Theodore 0 0 0 1 0 0 0 1 0 0 0/0 16:45 1:48 0:00
Tim Stutzle 0 0 0 0 2 2 2 0 0 1 0/0 15:46 1:19 1:02
Victor Hedman 0 0 0 0 2 3 2 1 0 0 0/0 24:48 4:59 3:23
Zach Werenski 0 0 0 0 0 1 2 1 0 0 0/0 23:43 3:15 3:31
3 Stars
1 - Andrei Vasilevskiy (COL)
2 - Ryan O'Reilly (COL)
3 - Darcy Kuemper (TBL)
Power Play
Tampa Bay Lightning - 0 on 4 Attempt(s) - 0.00%
Colorado Rockies - 0 on 4 Attempt(s) - 0.00%
Penalty Kill
Tampa Bay Lightning - 4 on 4 Attempt(s) - 100.00%
- Score 0 goal in Penalty Kill
Colorado Rockies - 4 on 4 Attempt(s) - 100.00%
- Score 0 goal in Penalty Kill
Team Stat
Tampa Bay Lightning - Hits : 18 - Faceoff Wins : 32 - Blocked Shots : 17 - Penalty Minutes : 8
Colorado Rockies - Hits : 25 - Faceoff Wins : 36 - Blocked Shots : 7 - Penalty Minutes : 8
Official
Referees : Frederick L'Ecuyer and Dan O'Halloran
Linesman : Shane Heyer and Bryan Pancich
Game Notes
Quinn Hughes is injured at 8:12 of 3rd period (Right Knee)
Finance
Level 1 -- Attendance: 6000 (100.00%) -- Ticket Income $540,000
Level 2 -- Attendance: 5000 (100.00%) -- Ticket Income $275,000
Level 3 -- Attendance: 2487 (82.90%) -- Ticket Income $87,045
Level 4 -- Attendance: 4154 (83.08%) -- Ticket Income $103,850
Luxury Box -- Attendance: 1000 (100.00%) -- Ticket Income $175,000
Game was played at the Pepsi Center.
Total Attendance: 18641 (93.21%)
Total Ticket Income: $1,180,895
Other Income: $413,313
Total Income: $1,594,208
Tampa Bay Lightning
5 vs 5 Forward
Center Left Wing Right Wing Time % Phy DF OF
1 Anze Kopitar Gabriel Landeskog Kirill Kaprizov 35 1 2 2
2 Tomas Hertl Johnny Gaudreau Connor Brown 32 1 2 2
3 Roope Hintz Christian Dvorak Dylan Cozens 28 1 2 2
4 Lars Eller Alexander Kerfoot Ivan Barbashev 5 1 2 2
5 vs 5 Defense
Defense Defense Time % Phy DF OF
1 Darnell Nurse Vladislav Gavrikov 40 1 2 2
2 Moritz Seider Ryan Graves 35 1 2 2
3 Hampus Lindholm Alexander Romanov 25 1 2 2
4 Darnell Nurse Vladislav Gavrikov 0 1 2 2
PowerPlay Forward
Center Left Wing Right Wing Time % Phy DF OF
1 Tomas Hertl Johnny Gaudreau Kirill Kaprizov 60 1 2 2
2 Anze Kopitar Roope Hintz Gabriel Landeskog 40 1 2 2
PowerPlay Defense
Defense Defense Time % Phy DF OF
1 Moritz Seider Darnell Nurse 60 1 2 2
2 Hampus Lindholm Ryan Graves 40 1 2 2
Penalty Kill 4 Players Forward
Center Wing Time % Phy DF OF
1 Anze Kopitar Tomas Hertl 60 1 2 2
2 Christian Dvorak Connor Brown 40 1 2 2
Penalty Kill 4 Players Defense
Defense Defense Time % Phy DF OF
1 Alexander Romanov Vladislav Gavrikov 60 1 2 2
2 Ryan Graves Darnell Nurse 40 1 2 2
Penalty Kill - 3 Players Forward
Forward Time % Phy DF OF
1 Tomas Hertl 60 1 2 2
2 Anze Kopitar 40 1 2 2
Penalty Kill - 3 Players Defense
Defense Defense Time % Phy DF OF
1 Alexander Romanov Vladislav Gavrikov 60 1 2 2
2 Ryan Graves Darnell Nurse 40 1 2 2
4 vs 4 Forward
Center Wing Time % Phy DF OF
1 Anze Kopitar Gabriel Landeskog 60 1 2 2
2 Tomas Hertl Connor Brown 40 1 2 2
4 vs 4 Defense
Defense Defense Time % Phy DF OF
1 Darnell Nurse Vladislav Gavrikov 60 1 2 2
2 Moritz Seider Ryan Graves 40 1 2 2
Last Minutes Offensive
Center Left Wing Right Wing Defense Defense
Anze Kopitar Gabriel Landeskog Kirill Kaprizov Darnell Nurse Moritz Seider
Last Minutes Defensive
Center Left Wing Right Wing Defense Defense
Anze Kopitar Tomas Hertl Connor Brown Darnell Nurse Vladislav Gavrikov
Goaltenders
Starting : Darcy Kuemper
Backup : Jeremy Swayman
Extra Forwards
Normal : Kirill Kaprizov, Gabriel Landeskog, Dylan Cozens - PP : Dylan Cozens, Ivan Barbashev - PK : Lars Eller
Extra Defensemen
Normal : Moritz Seider, Darnell Nurse, Hampus Lindholm - PP : Vladislav Gavrikov - PK : Moritz Seider, Hampus Lindholm
Penalty Shots
Christian Dvorak, Anze Kopitar, Kirill Kaprizov, Johnny Gaudreau, Alexander Kerfoot
Colorado Rockies
5 vs 5 Forward
Center Left Wing Right Wing Time % Phy DF OF
1 Evgeny Kuznetsov Kyle Connor Nikita Kucherov 37 1 2 2
2 Ryan O'Reilly Nick Schmaltz David Pastrnak 31 1 2 2
3 Dylan Strome Tim Stutzle Jesper Bratt 25 1 2 2
4 Nick Bonino Jakub Vrana Kevin Hayes 7 1 2 2
5 vs 5 Defense
Defense Defense Time % Phy DF OF
1 Roman Josi Quinn Hughes 42 1 2 2
2 Victor Hedman Zach Werenski 31 1 2 2
3 Shea Theodore Martin Fehervary 20 1 2 2
4 Roman Josi Victor Hedman 7 1 2 2
PowerPlay Forward
Center Left Wing Right Wing Time % Phy DF OF
1 Evgeny Kuznetsov Kyle Connor Nikita Kucherov 58 1 1 3
2 Ryan O'Reilly Nick Schmaltz David Pastrnak 42 1 2 2
PowerPlay Defense
Defense Defense Time % Phy DF OF
1 Victor Hedman Roman Josi 60 1 2 2
2 Zach Werenski Quinn Hughes 40 1 2 2
Penalty Kill 4 Players Forward
Center Wing Time % Phy DF OF
1 Nick Bonino Kevin Hayes 60 1 2 2
2 Ryan O'Reilly Kyle Connor 40 1 2 2
Penalty Kill 4 Players Defense
Defense Defense Time % Phy DF OF
1 Roman Josi Victor Hedman 60 1 2 2
2 Zach Werenski Martin Fehervary 40 1 2 2
Penalty Kill - 3 Players Forward
Forward Time % Phy DF OF
1 Kevin Hayes 60 1 2 2
2 Ryan O'Reilly 40 1 2 2
Penalty Kill - 3 Players Defense
Defense Defense Time % Phy DF OF
1 Roman Josi Victor Hedman 60 1 2 2
2 Zach Werenski Martin Fehervary 40 1 2 2
4 vs 4 Forward
Center Wing Time % Phy DF OF
1 Evgeny Kuznetsov Nikita Kucherov 60 1 2 2
2 Ryan O'Reilly David Pastrnak 40 1 2 2
4 vs 4 Defense
Defense Defense Time % Phy DF OF
1 Zach Werenski Roman Josi 60 1 2 2
2 Victor Hedman Quinn Hughes 40 1 2 2
Last Minutes Offensive
Center Left Wing Right Wing Defense Defense
Evgeny Kuznetsov Kyle Connor Nikita Kucherov Victor Hedman Roman Josi
Last Minutes Defensive
Center Left Wing Right Wing Defense Defense
Evgeny Kuznetsov Kyle Connor Nikita Kucherov Victor Hedman Roman Josi
Goaltenders
Starting : Andrei Vasilevskiy
Backup : Ilya Samsonov
Extra Forwards
Normal : Jesper Bratt, Tim Stutzle, Nick Schmaltz - PP : Jesper Bratt, Tim Stutzle - PK : Kevin Hayes
Extra Defensemen
Normal : Shea Theodore, Roman Josi, Zach Werenski - PP : Shea Theodore - PK : Roman Josi, Zach Werenski
Penalty Shots
Kevin Hayes, Jesper Bratt, Evgeny Kuznetsov, Tim Stutzle, Jakub Vrana
% Time on Ice - Tampa Bay Lightning
Lines # - Real PCT - Wanted PCT - Time Play
Normal Forward
1 - 32% - 35% - 14:12
2 - 28% - 32% - 12:14
3 - 27% - 28% - 11:44
4 - 14% - 5% - 5:58
Normal Defense
1 - 40% - 40% - 17:34
2 - 32% - 35% - 14:08
3 - 28% - 25% - 12:26
4 - 0% - 0% - 0:00
PP Forward
1 - 52% - 60% - 4:07
2 - 48% - 40% - 3:49
PP Defense
1 - 61% - 60% - 4:49
2 - 39% - 40% - 3:07
PK Forward
1 - 63% - 60% - 5:02
2 - 37% - 40% - 2:54
PK Defense
1 - 52% - 60% - 4:07
2 - 48% - 40% - 3:49
PK3 Forward
1 - 0% - 60%
2 - 0% - 40%
PK3 Defense
1 - 0% - 60%
2 - 0% - 40%
44 Forward
1 - 75% - 60% - 3:46
2 - 25% - 40% - 1:14
44 Defense
1 - 64% - 60% - 3:12
2 - 36% - 40% - 1:48
Last Minute Offensive - 0:00
Last Minute Defensive - 0:00
Total
Forward - 65:00
Defense - 65:00
|
% Time on Ice - Colorado Rockies
Lines # - Real PCT - Wanted PCT - Time Play
Normal Forward
1 - 34% - 37% - 15:03
2 - 26% - 31% - 11:31
3 - 27% - 25% - 11:51
4 - 13% - 7% - 5:43
Normal Defense
1 - 43% - 42% - 18:58
2 - 32% - 31% - 14:19
3 - 23% - 20% - 10:13
4 - 1% - 7% - 0:38
PP Forward
1 - 46% - 58% - 3:38
2 - 54% - 42% - 4:18
PP Defense
1 - 64% - 60% - 5:05
2 - 36% - 40% - 2:51
PK Forward
1 - 69% - 60% - 5:28
2 - 31% - 40% - 2:28
PK Defense
1 - 64% - 60% - 5:07
2 - 36% - 40% - 2:49
PK3 Forward
1 - 0% - 60%
2 - 0% - 40%
PK3 Defense
1 - 0% - 60%
2 - 0% - 40%
44 Forward
1 - 72% - 60% - 3:35
2 - 28% - 40% - 1:25
44 Defense
1 - 38% - 60% - 1:53
2 - 62% - 40% - 3:07
Last Minute Offensive - 0:00
Last Minute Defensive - 0:00
Total
Forward - 65:00
Defense - 65:00
|
Play-by-Play
1st period
0:01 of 1st period - Anze Kopitar wins face-off versus Nikita Kucherov in neutral zone.
0:05 of 1st period - Icing by Roman Josi.
0:06 of 1st period - Anze Kopitar wins face-off versus Evgeny Kuznetsov in Colorado Rockies zone.
0:09 of 1st period - Backhand shot by Kirill Kaprizov.
0:09 of 1st period - Stopped by Andrei Vasilevskiy without a rebound.
0:10 of 1st period - Evgeny Kuznetsov wins face-off versus Anze Kopitar in Colorado Rockies zone.
0:10 of 1st period - Evgeny Kuznetsov is hit by Gabriel Landeskog.
0:17 of 1st period - Minor Penalty to Darnell Nurse for Tripping.
0:18 of 1st period - Anze Kopitar wins face-off versus Nikita Kucherov in Tampa Bay Lightning zone.
0:49 of 1st period - Alexander Romanov is hit by Ryan O'Reilly.
0:53 of 1st period - Snap shot by David Pastrnak.
0:53 of 1st period - Stopped by Darcy Kuemper with a rebound.
0:55 of 1st period - Snap shot by Nick Schmaltz.
0:55 of 1st period - Shot Misses the Net.
2:17 of 1st period - Penalty to Darnell Nurse is over, Darnell Nurse is back on ice.
2:24 of 1st period - Snap shot by Roope Hintz.
2:24 of 1st period - Shot Misses the Net.
2:51 of 1st period - Shea Theodore is hit by Kirill Kaprizov and loses puck.
3:52 of 1st period - Alexander Romanov is hit by Zach Werenski and loses puck.
4:09 of 1st period - Moritz Seider is hit by Victor Hedman and loses puck.
4:34 of 1st period - Wrist shot by Kirill Kaprizov.
4:34 of 1st period - Shot Misses the Net.
4:48 of 1st period - Jesper Bratt is hit by Alexander Kerfoot and loses puck.
5:12 of 1st period - Roope Hintz is hit by Nick Schmaltz and loses puck.
5:29 of 1st period - Icing by Christian Dvorak.
5:30 of 1st period - Roope Hintz wins face-off versus Nick Bonino in Tampa Bay Lightning zone.
5:37 of 1st period - Slapshot by Johnny Gaudreau.
5:37 of 1st period - Stopped by Andrei Vasilevskiy with a rebound.
5:39 of 1st period - Snap shot by Hampus Lindholm.
5:39 of 1st period - Shot Misses the Net.
5:43 of 1st period - Slapshot by Tomas Hertl.
5:43 of 1st period - Deflect By Johnny Gaudreau.
5:43 of 1st period - Stopped by Andrei Vasilevskiy with a rebound.
5:47 of 1st period - Snap shot by Tomas Hertl.
5:47 of 1st period - Deflect By Connor Brown.
5:47 of 1st period - Stopped by Andrei Vasilevskiy with a rebound.
6:14 of 1st period - Minor Penalty to Victor Hedman for Hooking.
6:15 of 1st period - Nick Bonino wins face-off versus Tomas Hertl in Colorado Rockies zone.
6:57 of 1st period - Icing by Darnell Nurse.
6:58 of 1st period - Nick Bonino wins face-off versus Anze Kopitar in Tampa Bay Lightning zone.
7:29 of 1st period - Kyle Connor is hit by Darnell Nurse and loses puck.
8:12 of 1st period - Gabriel Landeskog is hit by Kyle Connor and loses puck.
8:14 of 1st period - Penalty to Victor Hedman is over, Victor Hedman is back on ice.
8:25 of 1st period - Kyle Connor is hit by Hampus Lindholm and loses puck.
8:47 of 1st period - Victor Hedman is hit by Darnell Nurse and loses puck.
9:00 of 1st period - Tomas Hertl is hit by Victor Hedman and loses puck.
9:05 of 1st period - Wrist shot by David Pastrnak.
9:05 of 1st period - Shot Blocked by Alexander Romanov.
9:21 of 1st period - Gabriel Landeskog is hit by Evgeny Kuznetsov.
9:46 of 1st period - Slapshot by Victor Hedman.
9:46 of 1st period - Shot Blocked by Darnell Nurse.
10:00 of 1st period - Wrist shot by Tim Stutzle.
10:00 of 1st period - Shot Misses the Net.
10:02 of 1st period - Snap shot by Martin Fehervary.
10:02 of 1st period - Stopped by Darcy Kuemper without a rebound.
10:03 of 1st period - Anze Kopitar wins face-off versus David Pastrnak in Tampa Bay Lightning zone.
10:20 of 1st period - Slapshot by David Pastrnak.
10:20 of 1st period - Shot Blocked by Anze Kopitar.
10:36 of 1st period - Off-side.
10:37 of 1st period - Evgeny Kuznetsov wins face-off versus Tomas Hertl in neutral zone.
10:57 of 1st period - Off-side.
10:58 of 1st period - Ryan O'Reilly wins face-off versus Kirill Kaprizov in neutral zone.
11:15 of 1st period - Wrist shot by Anze Kopitar.
11:15 of 1st period - Shot Misses the Net.
11:59 of 1st period - Snap shot by Roope Hintz.
11:59 of 1st period - Stopped by Andrei Vasilevskiy with a rebound.
12:11 of 1st period - Slapshot by Jakub Vrana.
12:11 of 1st period - Stopped by Darcy Kuemper without a rebound.
12:12 of 1st period - Gabriel Landeskog wins face-off versus Nick Bonino in Tampa Bay Lightning zone.
12:34 of 1st period - Icing by Nick Bonino.
12:35 of 1st period - Nick Bonino wins face-off versus Tomas Hertl in Colorado Rockies zone.
12:35 of 1st period - Nick Bonino is hit by Connor Brown.
12:47 of 1st period - Slapshot by Tomas Hertl.
12:47 of 1st period - Shot Misses the Net.
13:31 of 1st period - Wrist shot by Kyle Connor.
13:31 of 1st period - Shot Misses the Net.
13:33 of 1st period - Wrist shot by Nikita Kucherov.
13:33 of 1st period - Stopped by Darcy Kuemper without a rebound.
13:34 of 1st period - Tomas Hertl wins face-off versus Nikita Kucherov in Tampa Bay Lightning zone.
13:47 of 1st period - Snap shot by Tomas Hertl.
13:47 of 1st period - Shot Misses the Net.
13:49 of 1st period - Snap shot by Johnny Gaudreau.
13:49 of 1st period - Goal by Johnny Gaudreau - Tampa Bay Lightning : 1 - Colorado Rockies : 0.
13:50 of 1st period - Evgeny Kuznetsov wins face-off versus Christian Dvorak in neutral zone.
13:53 of 1st period - Snap shot by Evgeny Kuznetsov.
13:53 of 1st period - Shot Misses the Net.
13:59 of 1st period - Slapshot by Christian Dvorak.
13:59 of 1st period - Stopped by Andrei Vasilevskiy without a rebound.
14:00 of 1st period - Roope Hintz wins face-off versus Nikita Kucherov in Colorado Rockies zone.
14:41 of 1st period - Snap shot by Christian Dvorak.
14:41 of 1st period - Shot Blocked by Quinn Hughes.
14:43 of 1st period - Snap shot by Christian Dvorak.
14:43 of 1st period - Stopped by Andrei Vasilevskiy with a rebound.
14:45 of 1st period - Slapshot by Darnell Nurse.
14:45 of 1st period - Shot Misses the Net.
14:47 of 1st period - Snap shot by Christian Dvorak.
14:47 of 1st period - Stopped by Andrei Vasilevskiy without a rebound.
14:48 of 1st period - Ryan O'Reilly wins face-off versus Anze Kopitar in Colorado Rockies zone.
14:55 of 1st period - Slapshot by David Pastrnak.
14:55 of 1st period - Shot Blocked by Kirill Kaprizov.
16:25 of 1st period - Slapshot by Connor Brown.
16:25 of 1st period - Shot Misses the Net.
16:27 of 1st period - Snap shot by Johnny Gaudreau.
16:27 of 1st period - Shot Hit the Post.
16:29 of 1st period - Snap shot by Connor Brown.
16:29 of 1st period - Stopped by Andrei Vasilevskiy with a rebound.
16:43 of 1st period - Snap shot by Ryan O'Reilly.
16:43 of 1st period - Stopped by Darcy Kuemper without a rebound.
16:44 of 1st period - Ryan O'Reilly wins face-off versus Roope Hintz in Tampa Bay Lightning zone.
16:53 of 1st period - Wrist shot by Nick Schmaltz.
16:53 of 1st period - Shot Misses the Net.
16:55 of 1st period - Slapshot by Roman Josi.
16:55 of 1st period - Stopped by Darcy Kuemper with a rebound.
16:57 of 1st period - Snap shot by Quinn Hughes.
16:57 of 1st period - Shot Blocked by Ryan Graves.
17:01 of 1st period - Slapshot by David Pastrnak.
17:01 of 1st period - Deflect By Moritz Seider.
17:01 of 1st period - Stopped by Darcy Kuemper with a rebound.
17:19 of 1st period - Snap shot by Nick Schmaltz.
17:19 of 1st period - Stopped by Darcy Kuemper without a rebound.
17:20 of 1st period - Evgeny Kuznetsov wins face-off versus Anze Kopitar in Tampa Bay Lightning zone.
17:37 of 1st period - Snap shot by Kirill Kaprizov.
17:37 of 1st period - Stopped by Andrei Vasilevskiy without a rebound.
17:38 of 1st period - Dylan Strome wins face-off versus Tomas Hertl in Colorado Rockies zone.
17:42 of 1st period - Off-side.
17:43 of 1st period - Dylan Strome wins face-off versus Tomas Hertl in neutral zone.
17:52 of 1st period - Slapshot by Tomas Hertl.
17:52 of 1st period - Stopped by Andrei Vasilevskiy without a rebound.
17:53 of 1st period - Anze Kopitar wins face-off versus Evgeny Kuznetsov in Colorado Rockies zone.
18:43 of 1st period - Wrist shot by Jesper Bratt.
18:43 of 1st period - Shot Misses the Net.
18:47 of 1st period - Slapshot by Tim Stutzle.
18:47 of 1st period - Shot Blocked by Vladislav Gavrikov.
18:49 of 1st period - Snap shot by Dylan Strome.
18:49 of 1st period - Shot Blocked by Darnell Nurse.
18:53 of 1st period - Wrist shot by Tim Stutzle.
18:53 of 1st period - Stopped by Darcy Kuemper with a rebound.
19:03 of 1st period - Slapshot by Darnell Nurse.
19:03 of 1st period - Shot Blocked by Zach Werenski.
19:43 of 1st period - Connor Brown is hit by David Pastrnak.
Goals for this period are 1 for Tampa Bay Lightning vs 0 for Colorado Rockies.
Shots for this period are 12 for Tampa Bay Lightning vs 9 for Colorado Rockies.
2nd period
0:01 of 2nd period - Evgeny Kuznetsov wins face-off versus Anze Kopitar in neutral zone.
0:38 of 2nd period - Slapshot by Roman Josi.
0:38 of 2nd period - Deflect By David Pastrnak.
0:38 of 2nd period - Stopped by Darcy Kuemper without a rebound.
0:39 of 2nd period - Dylan Strome wins face-off versus Roope Hintz in Tampa Bay Lightning zone.
0:42 of 2nd period - Snap shot by Jesper Bratt.
0:42 of 2nd period - Shot Misses the Net.
0:44 of 2nd period - Snap shot by Tim Stutzle.
0:44 of 2nd period - Deflect By Dylan Strome.
0:44 of 2nd period - Stopped by Darcy Kuemper with a rebound.
1:13 of 2nd period - Icing by Kirill Kaprizov.
1:14 of 2nd period - Anze Kopitar wins face-off versus Evgeny Kuznetsov in Tampa Bay Lightning zone.
2:08 of 2nd period - Hampus Lindholm is hit by Nikita Kucherov and loses puck.
3:54 of 2nd period - Snap shot by Evgeny Kuznetsov.
3:54 of 2nd period - Shot Misses the Net.
4:09 of 2nd period - Minor Penalty to Gabriel Landeskog for High sticking.
4:10 of 2nd period - Christian Dvorak wins face-off versus Ryan O'Reilly in Tampa Bay Lightning zone.
5:01 of 2nd period - Ryan Graves is hit by Ryan O'Reilly and loses puck.
5:27 of 2nd period - Wrist shot by Ryan O'Reilly.
5:27 of 2nd period - Shot Misses the Net.
5:29 of 2nd period - Snap shot by David Pastrnak.
5:29 of 2nd period - Shot Misses the Net.
5:33 of 2nd period - Snap shot by Ryan O'Reilly.
5:33 of 2nd period - Shot Misses the Net.
5:37 of 2nd period - Snap shot by Nick Schmaltz.
5:37 of 2nd period - Stopped by Darcy Kuemper with a rebound.
5:39 of 2nd period - Slapshot by Zach Werenski.
5:39 of 2nd period - Shot Blocked by Darnell Nurse.
5:41 of 2nd period - Slapshot by Martin Fehervary.
5:41 of 2nd period - Shot Blocked by Tomas Hertl.
5:43 of 2nd period - Slapshot by Martin Fehervary.
5:43 of 2nd period - Stopped by Darcy Kuemper without a rebound.
5:44 of 2nd period - Christian Dvorak wins face-off versus Jesper Bratt in Tampa Bay Lightning zone.
5:53 of 2nd period - Connor Brown is hit by Tim Stutzle and loses puck.
6:09 of 2nd period - Penalty to Gabriel Landeskog is over, Gabriel Landeskog is back on ice.
6:24 of 2nd period - Minor Penalty to Lars Eller for High sticking.
6:25 of 2nd period - Dylan Cozens wins face-off versus Ryan O'Reilly in Tampa Bay Lightning zone.
8:24 of 2nd period - Penalty to Lars Eller is over, Lars Eller is back on ice.
8:32 of 2nd period - Off-side.
8:33 of 2nd period - Nick Bonino wins face-off versus Lars Eller in neutral zone.
8:39 of 2nd period - Kevin Hayes is hit by Ivan Barbashev and loses puck.
8:58 of 2nd period - Wrist shot by Dylan Strome.
8:58 of 2nd period - Shot Misses the Net.
9:00 of 2nd period - Backhand shot by Dylan Strome.
9:00 of 2nd period - Shot Misses the Net.
9:02 of 2nd period - Wrist shot by Jesper Bratt.
9:02 of 2nd period - Shot Misses the Net.
9:18 of 2nd period - Snap shot by Dylan Cozens.
9:18 of 2nd period - Shot Blocked by Evgeny Kuznetsov.
9:20 of 2nd period - Wrist shot by Christian Dvorak.
9:20 of 2nd period - Stopped by Andrei Vasilevskiy with a rebound.
9:31 of 2nd period - Icing by Kyle Connor.
9:32 of 2nd period - Ryan O'Reilly wins face-off versus Anze Kopitar in Colorado Rockies zone.
9:45 of 2nd period - Wrist shot by Nick Schmaltz.
9:45 of 2nd period - Shot Blocked by Ryan Graves.
10:43 of 2nd period - Slapshot by David Pastrnak.
10:43 of 2nd period - Deflect By Roope Hintz.
10:43 of 2nd period - Stopped by Darcy Kuemper without a rebound.
10:44 of 2nd period - Ryan O'Reilly wins face-off versus Connor Brown in Tampa Bay Lightning zone.
10:45 of 2nd period - Wrist shot by David Pastrnak.
10:45 of 2nd period - Stopped by Darcy Kuemper without a rebound.
10:46 of 2nd period - Tomas Hertl wins face-off versus David Pastrnak in Tampa Bay Lightning zone.
11:37 of 2nd period - Wrist shot by Kirill Kaprizov.
11:37 of 2nd period - Shot Misses the Net.
11:39 of 2nd period - Wrist shot by Gabriel Landeskog.
11:39 of 2nd period - Stopped by Andrei Vasilevskiy with a rebound.
11:41 of 2nd period - Slapshot by Alexander Romanov.
11:41 of 2nd period - Stopped by Andrei Vasilevskiy with a rebound.
11:43 of 2nd period - Snap shot by Kirill Kaprizov.
11:43 of 2nd period - Deflect By Gabriel Landeskog.
11:43 of 2nd period - Shot Blocked by Shea Theodore.
11:43 of 2nd period - Puck is out of play.
11:44 of 2nd period - Tomas Hertl wins face-off versus Ryan O'Reilly in Colorado Rockies zone.
11:53 of 2nd period - Moritz Seider is hit by Nick Schmaltz and loses puck.
12:53 of 2nd period - Snap shot by Lars Eller.
12:53 of 2nd period - Stopped by Andrei Vasilevskiy without a rebound.
12:54 of 2nd period - Nick Bonino wins face-off versus Lars Eller in Colorado Rockies zone.
13:28 of 2nd period - Snap shot by Ivan Barbashev.
13:28 of 2nd period - Stopped by Andrei Vasilevskiy without a rebound.
13:29 of 2nd period - Tomas Hertl wins face-off versus Ryan O'Reilly in Colorado Rockies zone.
13:30 of 2nd period - Snap shot by Johnny Gaudreau.
13:30 of 2nd period - Shot Misses the Net.
13:58 of 2nd period - Icing by Tim Stutzle.
13:59 of 2nd period - Roope Hintz wins face-off versus Dylan Strome in Colorado Rockies zone.
14:24 of 2nd period - Tim Stutzle is hit by Dylan Cozens and loses puck.
14:39 of 2nd period - Wrist shot by Dylan Cozens.
14:39 of 2nd period - Stopped by Andrei Vasilevskiy with a rebound.
14:41 of 2nd period - Slapshot by Dylan Cozens.
14:41 of 2nd period - Shot Misses the Net.
14:43 of 2nd period - Slapshot by Darnell Nurse.
14:43 of 2nd period - Stopped by Andrei Vasilevskiy without a rebound.
14:44 of 2nd period - Tomas Hertl wins face-off versus Ryan O'Reilly in Colorado Rockies zone.
14:51 of 2nd period - Connor Brown is hit by Ryan O'Reilly and loses puck.
15:20 of 2nd period - Snap shot by Anze Kopitar.
15:20 of 2nd period - Stopped by Andrei Vasilevskiy with a rebound.
15:22 of 2nd period - Slapshot by Ryan Graves.
15:22 of 2nd period - Shot Blocked by Quinn Hughes.
15:24 of 2nd period - Slapshot by Kirill Kaprizov.
15:24 of 2nd period - Stopped by Andrei Vasilevskiy without a rebound.
15:25 of 2nd period - Dylan Cozens wins face-off versus Dylan Strome in Colorado Rockies zone.
15:30 of 2nd period - Wrist shot by Dylan Cozens.
15:30 of 2nd period - Stopped by Andrei Vasilevskiy without a rebound.
15:31 of 2nd period - Dylan Strome wins face-off versus Roope Hintz in Colorado Rockies zone.
15:31 of 2nd period - Dylan Strome is hit by Dylan Cozens.
16:09 of 2nd period - Slapshot by Christian Dvorak.
16:09 of 2nd period - Deflect By Victor Hedman.
16:09 of 2nd period - Shot Blocked by Victor Hedman.
16:09 of 2nd period - Puck is out of play.
16:10 of 2nd period - Ryan O'Reilly wins face-off versus Tomas Hertl in Colorado Rockies zone.
16:10 of 2nd period - Ryan O'Reilly is hit by Tomas Hertl.
16:36 of 2nd period - Kirill Kaprizov is hit by Evgeny Kuznetsov.
16:42 of 2nd period - Anze Kopitar is hit by Kyle Connor and loses puck.
17:03 of 2nd period - Alexander Kerfoot is hit by Martin Fehervary and loses puck.
17:20 of 2nd period - Snap shot by Christian Dvorak.
17:20 of 2nd period - Shot Misses the Net.
17:28 of 2nd period - Wrist shot by Dylan Cozens.
17:28 of 2nd period - Deflect By Christian Dvorak.
17:28 of 2nd period - Stopped by Andrei Vasilevskiy with a rebound.
18:07 of 2nd period - Off-side.
18:08 of 2nd period - Anze Kopitar wins face-off versus Evgeny Kuznetsov in neutral zone.
18:10 of 2nd period - Off-side.
18:11 of 2nd period - Ryan O'Reilly wins face-off versus Anze Kopitar in neutral zone.
18:24 of 2nd period - Backhand shot by David Pastrnak.
18:24 of 2nd period - Shot Blocked by Gabriel Landeskog.
18:34 of 2nd period - Slapshot by Gabriel Landeskog.
18:34 of 2nd period - Stopped by Andrei Vasilevskiy with a rebound.
18:36 of 2nd period - Snap shot by Anze Kopitar.
18:36 of 2nd period - Shot Blocked by Quinn Hughes.
18:38 of 2nd period - Slapshot by Moritz Seider.
18:38 of 2nd period - Stopped by Andrei Vasilevskiy without a rebound.
18:39 of 2nd period - Evgeny Kuznetsov wins face-off versus Tomas Hertl in Colorado Rockies zone.
18:44 of 2nd period - Slapshot by Victor Hedman.
18:44 of 2nd period - Stopped by Darcy Kuemper without a rebound.
18:45 of 2nd period - Ryan O'Reilly wins face-off versus Johnny Gaudreau in Tampa Bay Lightning zone.
19:18 of 2nd period - Snap shot by Evgeny Kuznetsov.
19:18 of 2nd period - Shot Misses the Net.
19:20 of 2nd period - Backhand shot by Zach Werenski.
19:20 of 2nd period - Stopped by Darcy Kuemper without a rebound.
19:21 of 2nd period - Roope Hintz wins face-off versus Evgeny Kuznetsov in Tampa Bay Lightning zone.
19:21 of 2nd period - Roope Hintz is hit by Evgeny Kuznetsov.
19:47 of 2nd period - David Pastrnak is hit by Tomas Hertl and loses puck.
19:56 of 2nd period - Wrist shot by David Pastrnak.
19:56 of 2nd period - Shot Blocked by Ryan Graves.
19:58 of 2nd period - Wrist shot by Victor Hedman.
19:58 of 2nd period - Stopped by Darcy Kuemper with a rebound.
Goals for this period are 0 for Tampa Bay Lightning vs 0 for Colorado Rockies.
Shots for this period are 13 for Tampa Bay Lightning vs 9 for Colorado Rockies.
3rd period
0:01 of 3rd period - Ryan O'Reilly wins face-off versus Tomas Hertl in neutral zone.
0:49 of 3rd period - Quinn Hughes is hit by Ryan Graves and loses puck.
1:12 of 3rd period - Wrist shot by Lars Eller.
1:12 of 3rd period - Shot Misses the Net.
1:32 of 3rd period - Wrist shot by Quinn Hughes.
1:32 of 3rd period - Deflect By Tomas Hertl.
1:32 of 3rd period - Stopped by Darcy Kuemper with a rebound.
1:34 of 3rd period - Slapshot by Quinn Hughes.
1:34 of 3rd period - Stopped by Darcy Kuemper without a rebound.
1:35 of 3rd period - Anze Kopitar wins face-off versus Ryan O'Reilly in Tampa Bay Lightning zone.
1:35 of 3rd period - Anze Kopitar is hit by Zach Werenski.
1:42 of 3rd period - Minor Penalty to Nick Schmaltz for Holding Stick.
1:43 of 3rd period - Nick Bonino wins face-off versus Tomas Hertl in Colorado Rockies zone.
2:46 of 3rd period - Victor Hedman is hit by Ryan Graves and loses puck.
3:42 of 3rd period - Penalty to Nick Schmaltz is over, Nick Schmaltz is back on ice.
4:11 of 3rd period - Hampus Lindholm is hit by David Pastrnak and loses puck.
4:22 of 3rd period - Wrist shot by Lars Eller.
4:22 of 3rd period - Stopped by Andrei Vasilevskiy without a rebound.
4:23 of 3rd period - Roope Hintz wins face-off versus Evgeny Kuznetsov in Colorado Rockies zone.
4:56 of 3rd period - Slapshot by Ryan O'Reilly.
4:56 of 3rd period - Goal by Ryan O'Reilly - Tampa Bay Lightning : 1 - Colorado Rockies : 1.
4:57 of 3rd period - Tomas Hertl wins face-off versus Ryan O'Reilly in neutral zone.
5:57 of 3rd period - Minor Penalty to Evgeny Kuznetsov for Unsportsmanlike conduct.
5:58 of 3rd period - Anze Kopitar wins face-off versus Nick Bonino in Colorado Rockies zone.
6:00 of 3rd period - Wrist shot by Gabriel Landeskog.
6:00 of 3rd period - Shot Misses the Net.
6:02 of 3rd period - Slapshot by Gabriel Landeskog.
6:02 of 3rd period - Stopped by Andrei Vasilevskiy with a rebound.
6:04 of 3rd period - Slapshot by Ryan Graves.
6:04 of 3rd period - Stopped by Andrei Vasilevskiy without a rebound.
6:05 of 3rd period - Nick Bonino wins face-off versus Anze Kopitar in Colorado Rockies zone.
6:05 of 3rd period - Nick Bonino is hit by Roope Hintz.
6:17 of 3rd period - Slapshot by Gabriel Landeskog.
6:17 of 3rd period - Shot Misses the Net.
6:19 of 3rd period - Slapshot by Hampus Lindholm.
6:19 of 3rd period - Shot Misses the Net.
6:21 of 3rd period - Wrist shot by Gabriel Landeskog.
6:21 of 3rd period - Stopped by Andrei Vasilevskiy without a rebound.
6:22 of 3rd period - Nick Bonino wins face-off versus Tomas Hertl in Colorado Rockies zone.
7:57 of 3rd period - Penalty to Evgeny Kuznetsov is over, Evgeny Kuznetsov is back on ice.
8:11 of 3rd period - Quinn Hughes is hit by Ryan Graves and loses puck.
8:12 of 3rd period - Quinn Hughes from Colorado Rockies is injured at 8:12 of 3rd period (Right Knee).
8:13 of 3rd period - Evgeny Kuznetsov wins face-off versus Anze Kopitar in Tampa Bay Lightning zone.
8:16 of 3rd period - Snap shot by Evgeny Kuznetsov.
8:16 of 3rd period - Stopped by Darcy Kuemper with a rebound.
8:22 of 3rd period - Snap shot by Kyle Connor.
8:22 of 3rd period - Shot Misses the Net.
8:24 of 3rd period - Slapshot by Nikita Kucherov.
8:24 of 3rd period - Deflect By Evgeny Kuznetsov.
8:24 of 3rd period - Shot Misses the Net.
8:24 of 3rd period - Puck is out of play.
8:25 of 3rd period - Evgeny Kuznetsov wins face-off versus Tomas Hertl in Tampa Bay Lightning zone.
8:31 of 3rd period - Off-side.
8:32 of 3rd period - Evgeny Kuznetsov wins face-off versus Tomas Hertl in neutral zone.
8:37 of 3rd period - Backhand shot by Roman Josi.
8:37 of 3rd period - Stopped by Darcy Kuemper with a rebound.
8:43 of 3rd period - Vladislav Gavrikov is hit by Evgeny Kuznetsov and loses puck.
9:19 of 3rd period - Snap shot by Alexander Kerfoot.
9:19 of 3rd period - Stopped by Andrei Vasilevskiy without a rebound.
9:20 of 3rd period - Lars Eller wins face-off versus Dylan Strome in Colorado Rockies zone.
9:33 of 3rd period - Snap shot by Lars Eller.
9:33 of 3rd period - Stopped by Andrei Vasilevskiy without a rebound.
9:34 of 3rd period - Evgeny Kuznetsov wins face-off versus Tomas Hertl in Colorado Rockies zone.
10:22 of 3rd period - Wrist shot by Dylan Cozens.
10:22 of 3rd period - Stopped by Andrei Vasilevskiy without a rebound.
10:23 of 3rd period - Roope Hintz wins face-off versus Dylan Strome in Colorado Rockies zone.
11:07 of 3rd period - Minor Penalty to Tim Stutzle for Hooking.
11:08 of 3rd period - Nick Bonino wins face-off versus Tomas Hertl in Colorado Rockies zone.
11:08 of 3rd period - Nick Bonino is hit by Tomas Hertl.
12:39 of 3rd period - Moritz Seider is hit by Ryan O'Reilly.
13:07 of 3rd period - Penalty to Tim Stutzle is over, Tim Stutzle is back on ice.
14:15 of 3rd period - Roope Hintz is hit by Evgeny Kuznetsov.
14:24 of 3rd period - Icing by Shea Theodore.
14:25 of 3rd period - Dylan Strome wins face-off versus Connor Brown in Colorado Rockies zone.
14:40 of 3rd period - Snap shot by Dylan Strome.
14:40 of 3rd period - Deflect By Tomas Hertl.
14:40 of 3rd period - Shot Blocked by Tomas Hertl.
14:40 of 3rd period - Puck is out of play.
14:41 of 3rd period - Kirill Kaprizov wins face-off versus Evgeny Kuznetsov in Tampa Bay Lightning zone.
14:50 of 3rd period - Snap shot by Kyle Connor.
14:50 of 3rd period - Stopped by Darcy Kuemper with a rebound.
15:20 of 3rd period - Snap shot by David Pastrnak.
15:20 of 3rd period - Stopped by Darcy Kuemper without a rebound.
15:21 of 3rd period - Dylan Strome wins face-off versus Roope Hintz in Tampa Bay Lightning zone.
15:30 of 3rd period - Wrist shot by Jesper Bratt.
15:30 of 3rd period - Deflect By Tim Stutzle.
15:30 of 3rd period - Stopped by Darcy Kuemper with a rebound.
15:32 of 3rd period - Wrist shot by Dylan Strome.
15:32 of 3rd period - Stopped by Darcy Kuemper without a rebound.
15:33 of 3rd period - Dylan Strome wins face-off versus Christian Dvorak in Tampa Bay Lightning zone.
15:36 of 3rd period - Wrist shot by Tim Stutzle.
15:36 of 3rd period - Shot Blocked by Hampus Lindholm.
16:00 of 3rd period - Evgeny Kuznetsov is hit by Gabriel Landeskog and loses puck.
16:04 of 3rd period - Minor Penalty to Vladislav Gavrikov for Interference.
16:05 of 3rd period - Anze Kopitar wins face-off versus Evgeny Kuznetsov in Tampa Bay Lightning zone.
16:20 of 3rd period - Slapshot by Nikita Kucherov.
16:20 of 3rd period - Shot Blocked by Tomas Hertl.
16:22 of 3rd period - Backhand shot by Victor Hedman.
16:22 of 3rd period - Stopped by Darcy Kuemper without a rebound.
16:23 of 3rd period - Anze Kopitar wins face-off versus Ryan O'Reilly in Tampa Bay Lightning zone.
18:04 of 3rd period - Penalty to Vladislav Gavrikov is over, Vladislav Gavrikov is back on ice.
18:18 of 3rd period - Slapshot by Tim Stutzle.
18:18 of 3rd period - Shot Misses the Net.
18:20 of 3rd period - Snap shot by Jesper Bratt.
18:20 of 3rd period - Shot Misses the Net.
18:35 of 3rd period - Icing by Vladislav Gavrikov.
18:36 of 3rd period - Ryan O'Reilly wins face-off versus Tomas Hertl in Tampa Bay Lightning zone.
18:55 of 3rd period - Roope Hintz is hit by Tim Stutzle.
19:04 of 3rd period - Off-side.
19:05 of 3rd period - Anze Kopitar wins face-off versus Evgeny Kuznetsov in neutral zone.
19:54 of 3rd period - Kirill Kaprizov is hit by Kyle Connor and loses puck.
Goals for this period are 0 for Tampa Bay Lightning vs 1 for Colorado Rockies.
Shots for this period are 7 for Tampa Bay Lightning vs 10 for Colorado Rockies.
Overtime #1
0:01 of 1st overtime period - Anze Kopitar wins face-off versus Evgeny Kuznetsov in neutral zone.
2:02 of 1st overtime period - Slapshot by Ryan O'Reilly.
2:02 of 1st overtime period - Shot Blocked by Darnell Nurse.
3:18 of 1st overtime period - Vladislav Gavrikov is hit by David Pastrnak and loses puck.
3:23 of 1st overtime period - Wrist shot by Ryan O'Reilly.
3:23 of 1st overtime period - Shot Misses the Net.
3:25 of 1st overtime period - Slapshot by Nick Schmaltz.
3:25 of 1st overtime period - Shot Blocked by Tomas Hertl.
3:31 of 1st overtime period - Snap shot by Ryan O'Reilly.
3:31 of 1st overtime period - Shot Misses the Net.
Goals for this period are 0 for Tampa Bay Lightning vs 0 for Colorado Rockies.
Shots for this period are 0 for Tampa Bay Lightning vs 0 for Colorado Rockies.
ShootOut
5:00 of 1st overtime period - Round #1.
5:00 of 1st overtime period - Tampa Bay Lightning, Christian Dvorak.
5:00 of 1st overtime period - Wrist shot by Christian Dvorak.
5:00 of 1st overtime period - Stopped by Andrei Vasilevskiy.
5:00 of 1st overtime period - Colorado Rockies, Kevin Hayes.
5:00 of 1st overtime period - Wrist shot by Kevin Hayes.
5:00 of 1st overtime period - Goal by Kevin Hayes.
5:00 of 1st overtime period - Round #2.
5:00 of 1st overtime period - Tampa Bay Lightning, Anze Kopitar.
5:00 of 1st overtime period - Snap shot by Anze Kopitar.
5:00 of 1st overtime period - Goal by Anze Kopitar.
5:00 of 1st overtime period - Colorado Rockies, Jesper Bratt.
5:00 of 1st overtime period - Deke by Jesper Bratt.
5:00 of 1st overtime period - Shot Misses the Net.
5:00 of 1st overtime period - Round #3.
5:00 of 1st overtime period - Tampa Bay Lightning, Kirill Kaprizov.
5:00 of 1st overtime period - Wrist shot by Kirill Kaprizov.
5:00 of 1st overtime period - Stopped by Andrei Vasilevskiy.
5:00 of 1st overtime period - Colorado Rockies, Evgeny Kuznetsov.
5:00 of 1st overtime period - Wrist shot by Evgeny Kuznetsov.
5:00 of 1st overtime period - Goal by Evgeny Kuznetsov.
Back to the Top